 Dungeon Crawl Stone Soup version 0.31.0-11-ge490571c62 (webtiles) character file.

Game seed: 1046832245926160515

2877 PaiMei the Scholar of Death (level 9, -1/69 HPs)
             Began as a Demonspawn Necromancer on Jan 27, 2024.
             Was a Follower of Kikubaaqudgha.
             Hit by a javelin thrown by a centaur (6 damage)
             ... in a bailey.
             The game lasted 00:14:33 (10713 turns).

PaiMei the Scholar of Death (DsNe)                 Turns: 10713, Time: 00:14:33

Health: -1/69      AC: 10    Str:  9    XL:     9   Next: 48%
Magic:  10/27      EV: 29    Int: 25    God:    Kikubaaqudgha [*.....]
Gold:   463        SH:  0    Dex: 14    Spells: 7/20 levels left

rFire   . . .        p - +1 dagger (drain)
rCold   . . .        (no shield)
rNeg    . . .        a - +0 robe
rPois   +            q - +2 helmet "Bogoer" {rElec rPois}
rElec   +            F - +0 cloak
rCorr   .            (no gloves)
SInv    .            x - +0 pair of boots
Will    .....        w - amulet of the acrobat
Stlth   ++           m - ring of magical power
HPRegen 0.31/turn    s - +6 ring of intelligence
MPRegen 0.20/turn

%: acrobat
@: acrobatic
A: claws 1, thin metallic scales 2, augmentation 1, demonic magic 2
a: Renounce Religion, Unearth Wretches


You were in a bailey.
You worshipped Kikubaaqudgha.
Kikubaaqudgha was aware of your devotion.
You visited 2 branches of the dungeon, and saw 9 of its levels.
You also visited: Bailey.

You collected 463 gold pieces.

Inventory:

Hand Weapons
 g - a +0 mace
 p - a +1 dagger of draining (weapon)
Missiles
 o - 15 poisoned darts (quivered)
Armour
 a - a +0 robe (worn)
 j - a scarf of resistance
 q - the +2 helmet "Bogoer" (worn) {rElec rPois}
   (You found it on level 3 of the Dungeon)

   rElec:     It insulates you from electricity.
   rPois:     It protects you from poison
 x - a +0 pair of boots (worn)
 F - a +0 cloak (worn)
Jewellery
 m - a ring of magical power (left claw)
 n - a ring of protection from fire
 s - a +6 ring of intelligence (right claw)
 u - a ring of protection from fire
 w - an amulet of the acrobat (around neck)
Wands
 z - a wand of polymorph (19)
 C - a wand of light (5)
Scrolls
 c - 3 scrolls of teleportation {unknown}
 d - a scroll of fear {unknown}
 f - a scroll of enchant weapon
 h - 6 scrolls of identify {unknown}
 i - a scroll of fog {unknown}
 l - 2 scrolls of enchant armour {unknown}
 t - a scroll of blinking {unknown}
 y - a scroll of butterflies {unknown}
 A - a scroll of poison {unknown}
 D - a scroll of amnesia {unknown}
 E - 3 scrolls of torment {unknown}
 H - a scroll of noise {unknown}
Potions
 b - a potion of magic
 e - 2 potions of haste {unknown}
 k - a potion of lignification {unknown}
 r - 3 potions of heal wounds {unknown}
 v - a potion of degeneration {unknown}
 B - a potion of enlightenment {unknown}
 G - a potion of ambrosia {unknown}


   Skills:
 + Level 6.1 Fighting
 + Level 6.2 Dodging
 - Level 2.6 Stealth
 + Level 6.2 Spellcasting
 + Level 8.4 Necromancy


You had 7 spell levels left.
You knew the following spells:

 Your Spells              Type           Power      Damage    Failure   Level
a - Necrotise             Necr           100%       1d9       1%          1
b - Vampiric Draining     Necr           50%        2d9       1%          3
c - Animate Dead          Necr           50%        N/A       2%          4
d - Curse of Agony        Necr           50%        N/A       6%          5

Your spell library contained the following spells:

 Spells                   Type           Power      Damage    Failure   Level
 Kiss of Death            Conj/Necr      100%       2d13      1%          1
 Sublimation of Blood     Necr           50%        N/A       1%          2
 Cigotuvi's Dreadful Rot  Necr/Alch/Air  44%        N/A       3%          2
 Apportation              Tloc           14%        N/A       8%          1
 Jinxbite                 Hex            14%        N/A       11%         2
 Call Canine Familiar     Summ           7%         N/A       22%         3
 Gell's Gravitas          Tloc           7%         N/A       22%         3
 Sigil of Binding         Hex            7%         N/A       22%         3
 Teleport Other           Tloc           7%         N/A       22%         3
 Tukima's Dance           Hex            7%         N/A       22%         3
 Dimensional Bullseye     Hex/Tloc       3%         N/A       58%         4
 Iskenderun's Mystic Bla  Conj/Tloc      7%         2d4       58%         4
 Alistair's Intoxication  Alch           4%         N/A       90%         5
 Dispersal                Tloc           3%         N/A       100%        6


Dungeon Overview and Level Annotations

Branches:
Dungeon (8/15)             Temple (1/1) D:5          Bailey (1/1)
   Lair: D:8-11

Altars:
Ashenzari
Cheibriados
Dithmenos
Fedhas
Gozag
Kikubaaqudgha
Makhleb
Nemelex Xobeh
Okawaru
Ru
Sif Muna
Trog
Uskayaw
Vehumet
Wu Jian

Shops:
D:4 (

Annotations:
D:4 2 transporters
D:5 Pikel
D:6 Menkaure
D:7 Jeremiah


Innate Abilities, Weirdness & Mutations

You have sharp fingernails.
You are mostly covered in thin metallic scales. (AC +3)
Your magical and physical power is slightly enhanced at high health.
Spells you cast may paralyse nearby enemies.


Message History

* * * LOW HITPOINT WARNING * * *
The centaur closely misses you.
Casting: Necrotise (safe; 1% risk of failure)
Confirm with . or Enter, or press ? or * to list all spells.
Aiming: Necrotise (safe; 1% risk of failure)
Press: ? - help, Shift-Dir - straight line, f/p - orc warrior
Aim: an orc warrior, wielding a +0 glaive and wearing a +0 ring mail (almost dead, ally target, chance to affect: 83%)
The orc warrior writhes in agony!
You kill the orc warrior!
Kikubaaqudgha accepts your kill.
You hear a splash. x2
Malevolent energies surge around you.
The dead are walking!
The centaur hits you but does no damage.
The centaur kicks you but does no damage.
A centaur comes into view. It is wielding a +0 halberd.
Casting: Necrotise (safe; 1% risk of failure)
Confirm with . or Enter, or press ? or * to list all spells.
Aiming: Vampiric Draining (safe; 1% risk of failure)
Press: ? - help, Shift-Dir - straight line, f - centaur
Aim: a centaur, wielding a +0 halberd, wearing a +0 chain mail and quivering javelins (moderately wounded, lightly drained, ally target)
You draw life force from the centaur.
You feel life coursing into your body. Malevolent energies surge around you.
The centaur suddenly stops moving!
The centaur throws a javelin.
The javelin pierces through you.
* * * LOW HITPOINT WARNING * * *
Casting: Vampiric Draining (safe; 1% risk of failure)
Confirm with . or Enter, or press ? or * to list all spells.
Aiming: Vampiric Draining (safe; 1% risk of failure)
Press: ? - help, Shift-Dir - straight line, f/p - centaur
Aim: a centaur, wielding a +0 halberd, wearing a +0 chain mail and quivering javelins (severely wounded, paralysed, lightly drained, ally target)
You draw life force from the centaur!
You kill the centaur!
Kikubaaqudgha accepts your kill.
You feel life coursing into your body. Malevolent energies surge around you.
The centaur throws a javelin.
The javelin pierces through you.
* * * LOW HITPOINT WARNING * * *
The javelin pierces through your orc warrior zombie!
Your orc warrior zombie is destroyed!
The centaur throws a javelin.
The javelin pierces through you.
You die...
Kikubaaqudgha rasps: "You have failed me!
Welcome... death!"

≈.....≈≈≈..≈≈≈≈
........≈≈≈.≈≈≈
.c≈~≈.....≈.≈≈≈
.≈≈~≈≈..⌠.≈≈.≈≈≈#
o≈~≈~≈.....≈.≈≈≈#
≈≈~≈~≈≈....≈≈.≈≈#
.≈~≈≈≈~≈)....≈.≈≈#
..≈~≈?≈Z≈.....≈.≈≈#
≈o....≈~≈:≈~≈@....≈.≈≈#
≈.....≈~≈=≈)≈.....≈.≈≈#
≈.....≈~≈~≈~≈.....≈)≈≈#
≈≈....≈≈~))≈≈....≈≈.≈≈#
.≈.....≈≈≈≈≈.....≈.≈≈≈#
.≈≈.⌠..≈≈≈≈≈..⌠.≈≈.≈≈≈#
≈.≈.....≈≈≈))...≈.≈≈≈≈#
≈.≈≈≈.........≈≈≈.≈≈≈≈#
≈≈..≈≈≈.....≈≈≈..≈≈≈≈≈#


You could see an orc warrior (ally target), a centaur and a friendly orc warrior
skeleton.

Vanquished Creatures
  Edmund (D:5)
  A water moccasin (D:6)
  Duvessa (D:5)
  7 orc warriors
  2 black bears (D:5)
  An ice beast (D:6)
  8 centaurs
  A lemure (D:5)
  A bullfrog (D:8)
  2 scorpions (D:6)
  Dowan (D:5)
  2 bombardier beetles
  2 hounds
  2 orc priests
  3 jellies
  A sleepcap (D:6)
  An orc wizard (D:3)
  3 gnolls (D:4)
  6 adders
  2 shadow imps
  3 white imps
  2 ufetubi (D:6)
  A dart slug (D:3)
  2 ribbon worms
  35 orcs
  9 endoplasms
  2 giant cockroaches
  8 goblins
  7 hobgoblins
  7 jackals
  12 kobolds
  A quokka (D:3)
  7 ball pythons
  7 bats
  4 frilled lizards
  4 rats
159 creatures vanquished.

Vanquished Creatures (collateral kills)
  2 orc warriors (Bailey)
  An orc (Bailey)
  An endoplasm (D:3)
  A frilled lizard (D:1)
  A kobold (D:1)
6 creatures vanquished.

Vanquished Creatures (others)
  2 orc zombies (Bailey)
2 creatures vanquished.

Grand Total: 167 creatures vanquished

Notes
Turn   | Place    | Note
-------+----------+-------------------------------------------
     0 | D:1      | PaiMei the Demonspawn Necromancer began the quest for the
                  | Orb.
     0 | D:1      | Reached XP level 1. HP: 13/13 MP: 3/3
   423 | D:1      | Found a faded altar of an unknown god.
   454 | D:1      | Gained mutation: You are partially covered in thin metallic
                  | scales. (AC +2) [demonic ancestry]
   454 | D:1      | Reached XP level 2. HP: 19/19 MP: 3/5
  1249 | D:1      | Reached XP level 3. HP: 15/24 MP: 0/6
  2321 | D:2      | Gained mutation: Spells you cast may paralyse adjacent
                  | enemies. [demonic ancestry]
  2321 | D:2      | Reached XP level 4. HP: 30/30 MP: 4/7
  2328 | D:2      | Learned a level 3 spell: Vampiric Draining
  2333 | D:2      | Learned a level 4 spell: Animate Dead
  2690 | D:2      | Reached skill level 5 in Necromancy
  2926 | D:3      | Identified the +2 helmet "Bogoer" {rElec rPois}
  3350 | D:3      | Reached skill level 1 in Fighting
  3618 | D:3      | Gained mutation: You are mostly covered in thin metallic
                  | scales. (AC +3) [demonic ancestry]
  3618 | D:3      | Reached XP level 5. HP: 27/37 MP: 4/9
  4150 | D:4      | Found a transporter.
  4292 | D:4      | You fall into a shaft and drop 3 floors!
  4345 | D:7      | Noticed an orc warrior
  4581 | D:7      | Found a shimmering blue altar of Sif Muna.
  4587 | D:7      | Noticed Jeremiah
  4611 | D:7      | Killed an orc warrior
  4612 | D:7      | Gained mutation: Spells you cast may paralyse nearby
                  | enemies. [demonic ancestry]
  4612 | D:7      | Reached XP level 6. HP: 29/44 MP: 4/11
  4799 | D:6      | Noticed Menkaure
  4809 | D:5      | Entered Level 5 of the Dungeon
  4847 | D:5      | Noticed Edmund
  4858 | D:5      | Killed Edmund
  5245 | D:5      | Reached skill level 6 in Necromancy
  5245 | D:5      | Gained mutation: You have sharp fingernails. [demonic
                  | ancestry]
  5245 | D:5      | Reached XP level 7. HP: 52/52 MP: 12/12
  5431 | D:5      | Found a hide-covered altar of Uskayaw.
  5607 | D:5      | Noticed Duvessa
  5607 | D:5      | Noticed Dowan
  5622 | D:5      | Killed Duvessa
  5637 | D:5      | Killed Dowan
  6234 | D:5      | Found a staircase to the Ecumenical Temple.
  6240 | Temple   | Entered the Ecumenical Temple
  6255 | Temple   | Became a worshipper of Kikubaaqudgha
  6393 | D:4      | Found a sparkling altar of Nemelex Xobeh.
  6393 | D:4      | Found a bloodstained altar of Trog.
  6393 | D:4      | Found an iron altar of Okawaru.
  7134 | D:4      | Found Jippur's Weapon Shop.
  7152 | D:4      | Found a transporter.
  7388 | D:5      | Found a radiant altar of Vehumet.
  7462 | D:5      | Found a sacrificial altar of Ru.
  7862 | D:5      | Noticed Pikel
  8257 | D:6      | Found Oklae's Self-Published Books.
  8280 | D:6      | Reached XP level 8. HP: 60/60 MP: 14/14
  8489 | D:6      | Found a burning altar of Makhleb.
  8494 | D:6      | Found an ornate altar of the Wu Jian Council.
  8520 | D:6      | Reached skill level 7 in Necromancy
  8620 | D:6      | Reached skill level 5 in Dodging
  8620 | D:6      | Reached skill level 5 in Spellcasting
  9134 | D:6      | Learned a level 5 spell: Curse of Agony
  9310 | D:8      | Found a flagged portal.
  9385 | Bailey   | Entered a bailey
  9526 | Bailey   | Reached skill level 5 in Fighting
  9888 | Bailey   | Gained mutation: Your magical and physical power is
                  | slightly enhanced at high health. [demonic ancestry]
  9888 | Bailey   | Reached XP level 9. HP: 68/68 MP: 14/17
 10117 | Bailey   | Reached skill level 8 in Necromancy
 10369 | Bailey   | Reached * piety under Kikubaaqudgha
 10369 | Bailey   | Received a gift from Kikubaaqudgha
 10709 | Bailey   | HP: 3/69 [orc warrior/+0 glaive (4)]
 10713 | Bailey   | Hit by a javelin thrown by a centaur

Illustrated notes

Levels and vault maps discovered:
D:1:      dpeg_arrival_simpleton_a, layout_basic,
          shapermc_ecumenical_altar_acropolis
D:2:      layout_loops_ring, basic_altar, minmay_strange_pillars
D:3:      layout_loops_corners
D:4:      gammafunk_wand_slinger, layout_basic,
          gammafunk_temple_overflow_forgotten, serial_shops,
          nicolae_shop_bloodbath_and_beyond
D:5:      layout_loops_ring, overflow_temple_1_default,
          nicolae_overflow_hidden_temple, minmay_temple_entry_fiery, uniq_pikel,
          uniq_duvessa, uniq_edmund
D:6:      layout_cave_pools, grunt_temple_overflow_open, nicolae_custom_books,
          uniq_menkaure
D:7:      layout_rooms, nicolae_sif_muna_condensation, solitary_fountain,
          minmay_large_rounded_square, uniq_jeremiah
D:8:      layout_basic, regret_index_temple_of_mockery, enter_bailey_3,
          ploomutoo_gammafunk_ghost_potion_laboratory, nicolae_two_hexagons,
          uniq_grum
Temple:   hellmonk_temple_of_storms
Bailey:   bailey_polearm_flooded_kennysheep, bailey

Skill      XL: |  1  2  3  4  5  6  7  8  9 |
---------------+----------------------------+-----
Stealth        | 2 |  2.6
Dodging        | 2 3 4 5 6 |  6.2
Necromancy     | 5 6 7 8 |  8.4
Fighting       | 1 2 3 4 5 6 |  6.1
Spellcasting   | 3 4 5 6 |  6.2

Action                     |  1- 3 |  4- 6 |  7- 9 || total
---------------------------+-------+-------+-------++-------
  Melee: Unarmed           |    30 |       |       ||    30
         Mace              |    13 |     1 |       ||    14
         Dagger            |       |    47 |   131 ||   178
         Punch             |       |       |     1 ||     1
   Cast: Necrotise         |    74 |    96 |   156 ||   326
         Vampiric Draining |       |    11 |    34 ||    45
         Animate Dead      |       |       |     3 ||     3
   Stab: Paralysed         |       |    12 |    15 ||    27
         Sleeping          |       |       |     1 ||     1
 Armour: Robe              |    35 |    26 |   118 ||   179
  Dodge: Dodged            |    50 |    32 |   199 ||   281
